 Dungeon Crawl Stone Soup version 0.29.1-15-g9cfb28693d (webtiles) character file.

Game seed: 7844915666315496555

749 Mickster the Cudgeller (level 7, -6/44 HPs)
             Began as a Gargoyle Monk on Mar 6, 2023.
             Mangled by a wight
             ... wielding a +0 short sword
              (10 damage)
             ... on level 6 of the Dungeon.
             The game lasted 00:49:03 (4671 turns).

Mickster the Cudgeller (Gargoyle Monk)              Turns: 4671, Time: 00:49:04

Health: -6/44      AC: 17    Str: 17    XL:     7   Next: 78%
Magic:  7/7        EV:  7    Int: 10    God:
Gold:   319        SH:  0    Dex: 12    Spells: 6/6 levels left

rFire   . . .      SeeInvis .   x - +0 hand axe (vorpal)
rCold   . . .      Faith    .   E - orb {mayhem}
rNeg    + + .      Spirit   .   n - +0 chain mail
rPois   ∞          Reflect  .   (no helmet)
rElec   +          Harm     .   p - +1 cloak
rCorr   .          Rampage  .   l - +0 pair of gloves
Will    .....                   (no boots)
Stlth   ..........              (no amulet)
HPRegen 0.14/turn               e - ring of positive energy
MPRegen 0.10/turn               j - ring of poison resistance

@: no status effects
A: sickness immunity, AC +4, negative energy resistance 1, electricity
resistance, torment resistance 1, petrification resistance
a: no special abilities


You were on level 6 of the Dungeon.
You visited 1 branch of the dungeon, and saw 6 of its levels.

You collected 319 gold pieces.

Inventory:

Hand Weapons
 a - a +0 short sword
 f - a +0 dagger of electrocution
 h - the +2 whip of Havoc {protect, rElec}
   (You found it on level 2 of the Dungeon)

   It grants its wielder temporary protection when it strikes (+7 to AC).
   rElec:     It insulates you from electricity.
 k - a +0 falchion
 o - a +0 glaive
 s - a +0 quarterstaff of speed
 x - a +0 vorpal hand axe (weapon)
 D - the +4 dagger "Morg" {pain, Will+ Int+5}
   (You found it on level 5 of the Dungeon)

   In the hands of one skilled in necromantic magic, it inflicts extra damage on
   living creatures.
   Int:       It affects your intelligence (+5).
   Will:      It increases your willpower.
 F - a +2 spear
Missiles
 g - 18 poisoned darts
 m - 18 stones
 q - 4 javelins
 v - 2 curare-tipped darts (quivered)
 y - 2 boomerangs
Armour
 l - a +0 pair of gloves (worn)
 n - a +0 chain mail (worn)
 p - a +1 cloak (worn)
 E - an orb of mayhem (worn)
Magical Staves
 u - a staff of earth
Jewellery
 d - a ring of ice
 e - a ring of positive energy (left hand)
 j - a ring of poison resistance (right hand)
Wands
 t - a wand of digging (2)
 w - a wand of flame (23)
Scrolls
 z - a scroll of blinking
 A - 2 scrolls of identify
Potions
 b - a potion of cancellation
 c - 2 potions of ambrosia
 i - 3 potions of brilliance
 r - a potion of heal wounds
 B - a potion of invisibility
 C - 2 potions of magic {unknown}


   Skills:
 + Level 4.3 Fighting
 - Level 3.1 Short Blades
 * Level 2.0(3.8) Axes
 - Level 5.4(5.7) Maces & Flails
 * Level 1.6 Throwing
 + Level 2.7 Armour
 + Level 3.1 Dodging
 + Level 2.6 Stealth


You had 6 spell levels left.
You didn't know any spells.
Your spell library contained the following spells:

 Spells                   Type           Power      Damage    Failure   Level
 Beastly Appendage        Tmut           0%         N/A       99%         1
 Ensorcelled Hibernation  Hex/Ice        0%         N/A       100%        2
 Static Discharge         Conj/Air       0%         3-3/arc   100%        2
 Wereblood                Tmut           0%         N/A       100%        2
 Spider Form              Tmut/Pois      0%         N/A       100%        3
 Anguish                  Hex/Necr       0%         N/A       100%        4
 Cause Fear               Hex            0%         N/A       100%        4
 Lightning Bolt           Conj/Air       0%         1d11      100%        5
 Dragon Form              Tmut           0%         N/A       100%        7
 Maxwell's Capacitive Co  Air            0%         ∞         100%        8
 Dragon's Call            Summ           0%         N/A       100%        9


Dungeon Overview and Level Annotations

Branches:
Dungeon (6/15)             Temple (0/1) D:6

Altars:
Qazlal
Sif Muna

Shops:
D:2 [   D:3 [


Innate Abilities, Weirdness & Mutations

You are immune to sickness and miasma.
Your stone body is resilient. (AC +4)
You are immune to poison.
You resist negative energy. (rN+)
You are resistant to electric shocks. (rElec)
You are resistant to unholy torment.
You are immune to petrification.


Message History

Your base Axes skill increases to level 2!
A wight comes into view. It is wielding a +0 short sword.
Things that are here:
a +2 spear; a +0 robe
F - a +2 spear You now have 319 gold pieces (gained 14).
A wight comes into view. It is wielding a +5 battleaxe.
The wight hits you with a +5 battleaxe.
The wight hits you with a +0 short sword.
You hit the wight but do no damage. x2; The wight hits you with a +5 battleaxe.
The wight barely misses you.
You hit the wight but do no damage. x2; The wight hits you with a +5 battleaxe!
* * * LOW HITPOINT WARNING * * *
The wight hits you with a +0 short sword.
* * * LOW HITPOINT WARNING * * *
You slash the wight!
The wight is severely damaged.
You hit the wight but do no damage. The wight barely misses you. x2
You hit the wight.
The wight is almost destroyed.
You hit the wight. The wight barely misses you.
The wight hits you but does no damage.
You slash the wight!
You destroy the wight!
The wight flies into a frenzy!
The wight hits you but does no damage.
The wight hits you with a +0 short sword.
* * * LOW HITPOINT WARNING * * *
Your Throwing skill increases to level 1!
The wight hits you with a +0 short sword.
* * * LOW HITPOINT WARNING * * *
Things that are here:
a +5 battleaxe; a +0 robe You hit the wight.
The wight is moderately damaged.
The wight hits you but does no damage. x2
You hit the wight but do no damage.
The wight is moderately damaged.
The wight hits you but does no damage.
The wight hits you with a +0 short sword!
You die...

###.........#
............## #..#
.......#.....###..#
..###.......###...
...##.#.#........#
..###.####....#..###
...<..#....#..#....##
...........####.....#
##..##......#...@...#
#............#z...#
#...#......[#...##
....#......#......#
... #<....##....###
.# ............##
##.......#..##
#.......#..#
#......:.).#


You could see a neutral wight (fast, strong, insane).

Vanquished Creatures
  Sigmund (D:3)
  An ogre (D:4)
  A scorpion (D:4)
  2 wights (D:6)
  2 hounds
  3 iguanas
  An orc wizard (D:4)
  Ijyb (D:4)
  5 adders
  A worm (D:2)
  5 dart slugs
  18 orcs
  2 ball pythons
  6 endoplasms
  4 giant cockroaches
  6 goblins
  5 hobgoblins
  11 jackals
  7 kobolds
  3 quokkas
  A bat (D:2)
  2 frilled lizards (D:3)
  2 rats (D:3)
90 creatures vanquished.

Vanquished Creatures (others)
  38 plants
38 creatures vanquished.

Grand Total: 128 creatures vanquished

Notes
Turn   | Place    | Note
-------+----------+-------------------------------------------
     0 | D:1      | Mickster the Gargoyle Monk began the quest for the Orb.
     0 | D:1      | Reached XP level 1. HP: 14/14 MP: 1/1
   231 | D:1      | Reached XP level 2. HP: 12/19 MP: 2/2
   311 | D:1      | Found a faded altar of an unknown god.
   553 | D:2      | Found Fizus's Armour Shoppe.
   713 | D:2      | Identified the +2 whip of Havoc {protect, rElec}
   734 | D:2      | Reached XP level 3. HP: 23/23 MP: 3/3
  1228 | D:3      | Reached skill level 1 in Armour
  1310 | D:3      | Reached XP level 4. HP: 29/29 MP: 4/4
  1383 | D:3      | Reached skill level 1 in Maces & Flails
  1700 | D:3      | Found a stormy altar of Qazlal.
  1930 | D:3      | Found Serek's Armour Shop.
  1988 | D:3      | Noticed Sigmund
  2001 | D:3      | Killed Sigmund
  2002 | D:3      | Reached skill level 3 in Maces & Flails
  2002 | D:3      | Reached XP level 5. HP: 29/33 MP: 5/5
  2002 | D:3      | Reached XP level 6. HP: 33/38 MP: 6/6
  2443 | D:4      | Reached skill level 4 in Maces & Flails
  2945 | D:4      | Found a shimmering blue altar of Sif Muna.
  2986 | D:4      | Noticed Ijyb
  3008 | D:4      | Killed Ijyb
  3009 | D:4      | Reached skill level 5 in Maces & Flails
  3101 | D:4      | Reached XP level 7. HP: 43/43 MP: 7/7
  3651 | D:5      | Entered Level 5 of the Dungeon
  3714 | D:5      | Found the +4 dagger "Morg" {pain, Will+ Int+5}
  3758 | D:5      | Reached skill level 1 in Axes
  4641 | D:6      | Found a staircase to the Ecumenical Temple.
  4669 | D:6      | Reached skill level 1 in Throwing
  4671 | D:6      | Mangled by a wight

Illustrated notes

Levels and vault maps discovered:
D:1:      minmay_arrival_wavy_path, layout_rooms,
          hellmonk_ecumenical_altar_dog_temple, minmay_pentomino_x2
D:2:      layout_loops_ring, serial_forest, infiniplex_forest_lined_room_3,
          infiniplex_forest_end_2, infiniplex_forest_clump_C,
          infiniplex_forest_diagonal, infiniplex_forest_end_2,
          infiniplex_forest_side_room, infiniplex_forest_straight_4,
          serial_shops, shop_coins, corexii_leaking_fountain,
          kennysheep_generic_room_5
D:3:      layout_basic, mainiacjoe_overflow_small_starburst, serial_shops, shop,
          serial_glass, glass_columns_c, glass_columns_b, glass_columns_a,
          glass_columns_a, minmay_strange_pillars, hangedman_decor_growths,
          uniq_sigmund
D:4:      layout_basic, kennysheep_little_box, serial_bayou_lagoon_b, uniq_ijyb
D:5:      layout_rooms
D:6:      layout_cave_pools, minmay_temple_entry_offerings, serial_gnoll_camp,
          gnoll_camp_huts_moat, gnoll_camp_mini_hut, gnoll_camp_mini_hut,
          gnoll_camp_mini_loothouse

Skill      XL: |  1  2  3  4  5  6  7 |
---------------+----------------------+-----
Short Blades   | 3 |  3.1
Armour         | 1 2 |  2.7
Maces & Flails | 3 5 |  5.4
Fighting       | 4 |  4.3
Dodging        | 3 |  3.1
Axes           | 2 |  2.0
Throwing       | 1 |  1.6
Stealth        | |  2.6

Action                   |  1- 3 |  4- 6 |  7- 9 || total
-------------------------+-------+-------+-------++-------
Melee: Short sword       |    25 |       |       ||    25
       Dagger            |    50 |       |       ||    50
       Punch             |     2 |     3 |       ||     5
       Whip              |    61 |   195 |    49 ||   305
       Hand axe          |       |       |    64 ||    64
Throw: Dart              |       |     7 |     3 ||    10
  Use: Scroll            |     5 |     5 |     3 ||    13
       Potion            |     3 |     4 |       ||     7
Armor: Robe              |     5 |       |       ||     5
       Leather armour    |     4 |       |       ||     4
       Scale mail        |    68 |    87 |       ||   155
       Chain mail        |       |    36 |    86 ||   122
Dodge: Dodged            |    74 |    95 |    51 ||   220
